 Dungeon Sprint DCSS version 0.32-a0-875-g23b751d0ae (webtiles) character file.

Game seed: 9969106387645653912

890 Conn the Destroyer (level 8, -2/81 HPs)
             Began as an Octopode Fire Elementalist on Mar 31, 2024.
             Was a High Priest of Sif Muna.
             Slain by a gargoyle
             ... wielding a +0 mace
              (4 damage)
             ... in the Dungeon (Sprint VII: "The Pits").
             The game lasted 00:05:19 (655 turns).

Conn the Destroyer (Octopode Fire Elementalist)      Turns: 655, Time: 00:05:19

Health: -2/81      AC:  8    Str:  7    XL:     8   Next: 6%
Magic:  4/19       EV: 14    Int: 20    God:    Sif Muna [*****.]
Gold:   0          SH:  0    Dex: 12    Spells: 3/22 levels left

rFire   . . .        l - +2 flail (protect)
rCold   . . .        (no shield)
rNeg    . . .        (helmet restricted)
rPois   .            (no amulet)
rElec   .            (no ring)
rCorr   .            (no ring)
SInv    .            (no ring)
Will    .....        (no ring) Stlth
                     (no ring)
HPRegen 0.33/turn    (no ring)
MPRegen 0.16/turn    (no ring)
                     (no ring)

%: no teleportation
@: berserking, under a protective aura, very quick
A: almost no armour, amphibious, 8 rings, camouflage 1, gelatinous body 1,
(nimble swimmer 1), tentacles
a: Renounce Religion, Channel Magic, Forget Spell, Divine Exegesis


You were in the Dungeon.
You worshipped Sif Muna.
Sif Muna was extremely pleased with you.
You visited 1 branch

Inventory:

Hand Weapons
 e - a +2 falchion
 l - a +2 flail of protection (weapon)
Scrolls
 f - a scroll of blinking
 i - 2 scrolls of vulnerability
 j - 5 scrolls of amnesia
 k - a scroll of butterflies
Potions
 a - 5 potions of magic
 b - 6 potions of curing
 c - 4 potions of heal wounds
 d - a potion of haste
 h - 2 potions of invisibility


   Skills:
 + Level 3.8 Fighting
 + Level 6.3 Dodging
 - Level 7.0 Stealth
 * Level 7.9 Spellcasting
 * Level 8.5 Conjurations
 + Level 3.7 Hexes
 + Level 0.9 Translocations
 + Level 7.2 Fire Magic
 + Level 1.0 Alchemy
 + Level 4.1 Invocations


You had 3 spell levels left.
You knew the following spells:

 Your Spells              Type           Power      Damage    Failure   Level
a - Foxfire               Conj/Fire      100%       2x1d9     1%          1
b - Scorch                Fire           74%        2d8       1%          2
c - Inner Flame           Hex/Fire       29%        N/A       2%          3
d - Flame Wave            Conj/Fire      39%        2d11      3%          4
e - Iskenderun's Mystic Conj/Tloc 26%            2d7        (+2d3     12%         4
f - Irradiate             Conj/Alch      13%        3d16      32%         5

Your spell library contained the following spells:

 Spells                   Type           Power      Damage    Failure   Level
 Magic Dart               Conj           100%       1d8       1%          1
 Volatile Blastmotes      Fire/Tloc      48%        2d14      4%          3
 Maxwell's Portable Pile  Tloc           11%        2d(7-13)  52%         4


Dungeon Overview and Level Annotations

Branches:
Dungeon (1/1)

Altars:
Ashenzari
Cheibriados
Dithmenos
Elyvilon
Fedhas
Gozag
Hepliaklqana
Kikubaaqudgha
Makhleb
Nemelex Xobeh
Okawaru
Qazlal
Ru
Sif Muna
Trog
Uskayaw
Vehumet
Wu Jian
Xom
Yredelemnul
Zin
The Shining One
Beogh
Jiyva
Lugonu


Innate Abilities, Weirdness & Mutations

You cannot wear most types of armour.
You are amphibious.
You can wear up to eight rings at the same time.
Your skin changes colour to match your surroundings (Stealth+).
Your rubbery body absorbs attacks. (AC +1, EV +1)
((You are camouflaged when in or above water. (Stealth+)))
You have tentacles for arms and can constrict up to eight enemies at once.


Message History

The gargoyle hits you with a +0 mace.
You fail to use your ability.
The gargoyle hurls a stone arrow at you.
The stone arrow hits you!!
Okay, then.
You feel much better. The gargoyle hits you with a +0 mace!!
You feel much better. The gargoyle hits you with a +0 mace.
A red film seems to cover your vision as you go berserk!
You feel yourself moving faster!
You feel mighty! The gargoyle hits you with a +0 mace.
You hit the gargoyle but do no damage.
Your weapon exudes an aura of protection.
You grab the gargoyle. You constrict the gargoyle.
The gargoyle hurls a stone arrow at you.
The stone arrow hits you!!
You hit the gargoyle but do no damage.
The gargoyle is moderately damaged.
You constrict the gargoyle.
The gargoyle hurls a stone arrow at you.
The stone arrow hits you!!
* * * LOW HITPOINT WARNING * * *
You hit the gargoyle but do no damage.
The gargoyle is moderately damaged.
You constrict the gargoyle. The gargoyle misses you.
Your magical contamination has completely faded away.
You hit the gargoyle but do no damage.
The gargoyle is heavily damaged.
You constrict the gargoyle, but do no damage.
The gargoyle hits you with a +0 mace.
* * * LOW HITPOINT WARNING * * *
You hit the gargoyle but do no damage.
The gargoyle is moderately damaged.
You constrict the gargoyle.
The gargoyle hurls a stone arrow at you.
The stone arrow hits you!
* * * LOW HITPOINT WARNING * * *
You hit the gargoyle but do no damage.
The gargoyle is heavily damaged.
You constrict the gargoyle. The gargoyle hits you with a +0 mace.
You die...

#.#..'.)))[##.......#
#.#).#.).)[##.......#
#'###########.......#
#.....).#..##########
#..#.#..#.######
#.##.##.#†#....#
#.......#'#○°..#
#.##.##.#.9☼°..+
#..#.#.§#@#v...#
#.......'.# .9.#
########### ###


You could see a gargoyle.

Vanquished Creatures
  2 glass eyes (D)
  A redback (D)
  A water moccasin (D)
  An ice beast (D)
  A black bear (D)
  A crimson imp (D)
  Jessica (D)
  2 gnolls (D)
  A white imp (D)
  An adder skeleton (D)
  A ball python (D)
  A bat (D)
  2 bat skeletons (D)
  A bat zombie (D)
  An endoplasm (D)
  5 jackals (D)
  A ball python skeleton (D)
  2 rats (D)
26 creatures vanquished.

Vanquished Creatures (others)
  39 foxfires (D)
39 creatures vanquished.

Grand Total: 65 creatures vanquished

Notes
Turn   | Place    | Note
-------+----------+-------------------------------------------
     0 | D        | Conn the Octopode Fire Elementalist began the quest for the
                  | Orb.
     0 | D        | Reached XP level 1. HP: 11/11 MP: 3/3
    18 | D        | Reached XP level 2. HP: 17/17 MP: 0/5
    48 | D        | Found a glowing golden altar of the Shining One.
    48 | D        | Found a glowing silver altar of Zin.
    48 | D        | Found a basalt altar of Yredelemnul.
    48 | D        | Found a shimmering altar of Xom.
    48 | D        | Found an ornate altar of the Wu Jian Council.
    48 | D        | Found a bloodstained altar of Trog.
    48 | D        | Found a shimmering blue altar of Sif Muna.
    48 | D        | Found a sacrificial altar of Ru.
    48 | D        | Found a stormy altar of Qazlal.
    48 | D        | Found an iron altar of Okawaru.
    48 | D        | Found a sparkling altar of Nemelex Xobeh.
    48 | D        | Found a burning altar of Makhleb.
    48 | D        | Found a viscous altar of Jiyva.
    48 | D        | Found a hazy altar of Hepliaklqana.
    48 | D        | Found an opulent altar of Gozag.
    48 | D        | Found a blossoming altar of Fedhas.
    48 | D        | Found a white marble altar of Elyvilon.
    48 | D        | Found a shadowy altar of Dithmenos.
    48 | D        | Found a snail-covered altar of Cheibriados.
    49 | D        | Found a radiant altar of Vehumet.
    49 | D        | Found a corrupted altar of Lugonu.
    49 | D        | Found a roughly hewn altar of Beogh.
    50 | D        | Found an ancient bone altar of Kikubaaqudgha.
    50 | D        | Found a hide-covered altar of Uskayaw.
    50 | D        | Found a broken altar of Ashenzari.
    51 | D        | Became a worshipper of Sif Muna the Loreminder
    69 | D        | Learned a level 2 spell: Scorch
    89 | D        | Reached * piety under Sif Muna
    93 | D        | Reached ** piety under Sif Muna
   132 | D        | Reached skill level 2 in Conjurations
   132 | D        | Reached XP level 3. HP: 21/21 MP: 3/7
   206 | D        | Learned a level 3 spell: Inner Flame
   212 | D        | Noticed a glass eye
   215 | D        | Reached *** piety under Sif Muna
   223 | D        | Killed a glass eye
   224 | D        | Reached skill level 5 in Conjurations
   224 | D        | Reached XP level 4. HP: 27/27 MP: 0/12
   224 | D        | Reached XP level 5. HP: 31/31 MP: 0/13
   224 | D        | Reached XP level 6. HP: 36/36 MP: 0/15
   335 | D        | Learned a level 4 spell: Flame Wave
   385 | D        | Noticed Jessica
   385 | D        | Noticed a water moccasin
   388 | D        | Killed Jessica
   389 | D        | Reached skill level 6 in Conjurations
   389 | D        | Noticed an ice beast
   390 | D        | Noticed a glass eye
   394 | D        | Killed a water moccasin
   394 | D        | Killed an ice beast
   394 | D        | Reached **** piety under Sif Muna
   395 | D        | Reached skill level 5 in Dodging
   395 | D        | Reached skill level 7 in Conjurations
   395 | D        | Reached XP level 7. HP: 27/45 MP: 3/17
   499 | D        | Killed a glass eye
   500 | D        | Reached skill level 8 in Conjurations
   555 | D        | Reached ***** piety under Sif Muna
   565 | D        | Received a gift from Sif Muna
   568 | D        | Got Sif Muna's Octavo of Bright Places {god gift}
   574 | D        | Learned a level 4 spell: Iskenderun's Mystic Blast
   580 | D        | Learned a level 5 spell: Irradiate
   637 | D        | Noticed a redback
   637 | D        | Noticed a gargoyle
   640 | D        | Killed a redback
   641 | D        | Reached skill level 1 in Alchemy
   641 | D        | Reached XP level 8. HP: 54/54 MP: 13/19
   654 | D        | HP: 2/81 [gargoyle/stone arrow (10)]
   655 | D        | Slain by a gargoyle

Illustrated notes

Levels and vault maps discovered:
D:        pitsprint [storerooms_1, entrance_room_1, metal_vault_4, armoury_1,
          mini_pit_1, grid_room_1, main_hall_1, silver_pit, the_coven_1,
          the_vestibule_1, steel_vault_2, golden_pit, hallway_of_sentries,
          crystal_vault_6, iron_vault_1, final_vault]

Skill      XL: |  1  2  3  4  5  6  7 |
---------------+----------------------+-----
Stealth        | 3 6 7 |  7.0
Fire Magic     | 4 6 7 |  7.2
Spellcasting   | 3 6 7 |  7.9
Conjurations   | 2 5 7 8 |  8.5
Dodging        | 4 5 6 |  6.3
Fighting       | 2 3 |  3.8
Hexes          | 2 3 |  3.7
Invocations    | 2 4 |  4.1
Alchemy        | 1 |  1.0
Translocations | |  0.9

Action                     |  1- 3 |  4- 6 |  7- 9 || total
---------------------------+-------+-------+-------++-------
  Melee: Constrict         |     4 |       |     3 ||     7
         Tentacles         |     3 |       |     5 ||     8
         Unarmed           |     1 |       |       ||     1
         Falchion          |    15 |       |       ||    15
         Flail             |       |     1 |    18 ||    19
   Cast: Foxfire           |    17 |     2 |     5 ||    24
         Inner Flame       |       |     3 |     2 ||     5
         Scorch            |       |     1 |     5 ||     6
         Iskenderun's Myst |       |       |     1 ||     1
    Use: Potion            |     1 |     1 |     3 ||     5
 Armour: Skin              |    13 |     1 |    19 ||    33
  Dodge: Dodged            |    17 |     3 |    15 ||    35

Table legend: (Time is in decaauts)
 A = Elapsed time spent in this place.
 B = Non-inter-level travel time spent in this place.
 C = Inter-level travel time spent in this place.
 D = Time resting spent in this place.
 E = Time spent auto-exploring this place.
 F = Levels seen in this place.
 G = Mean time per level.
                   A        B        C        D        E       F      G
               +--------+--------+--------+--------+--------+-----+--------+
         Total |    681 |    681 |      0 |    327 |      0 |   1 |  681.0 |
       Dungeon |    681 |    681 |      0 |    327 |      0 |   1 |  681.0 |
               +--------+--------+--------+--------+--------+-----+--------+

Top non-repeatable levels by time:
       D: 681 daAuts
